 Dungeon Crawl Stone Soup version 0.14-a0-3520-g290746a (webtiles) character file.

47 KaKa the Scratcher (level 2, -2/12 HPs)
             Began as a Felid Transmuter on Mar 27, 2014.
             Slain by a gnoll
             ... wielding a +0,+0 flail
              (11 damage)
             ... on Level 1 of the Dungeon.
             The game lasted 00:04:08 (719 turns).

KaKa the Scratcher (Felid Transmuter)                Turns: 719, Time: 00:04:08

HP  -2/12        AC  1     Str  6      XL: 2   Next: 65%
MP   5/5         EV 18     Int 14      God:
Gold 26          SH  0     Dex 16      Spells:  1 memorised,  4 levels left
Lives: 0, deaths: 0

rFire  . . .     SeeInvis +       - Unarmed
rCold  . . .     Clarity  .     (armour unavailable)
rNeg   . . .     Conserve .     (shield unavailable)
rPois  .         rCorr    .     (helmet unavailable)
rElec  .         rRot     .     (cloak unavailable)
SustAb . .       Spirit   .     (gloves unavailable)
rMut   .         Warding  .     (boots unavailable)
Saprov . . .     Stasis   .     (no amulet)
MR     .....                    (no ring)
                                (no ring)

@: appendage (expiring), quick, not resistant to hostile enchantments, fairly
stealthy
A: paw claws, no armour, no weapons or thrown items, fangs 3, horns 2, see
invisible, carnivore 3, speed 1, shaggy fur 1, slow metabolism 1, jump 1
a: Jump Attack, End Transformation


You were on level 1 of the Dungeon.
You were full.
You had grown temporary horns.
You visited 1 branch of the dungeon, and saw 1 of its levels.

You collected 26 gold pieces.

Inventory:

Missiles
 b - 12 arrows
Comestibles
 a - a meat ration
Scrolls
 c - a scroll of noise {unknown}
 f - 2 scrolls of remove curse {unknown}
 g - a scroll of blinking {unknown}
 h - a scroll of enchant weapon II {unknown}
 i - a scroll of enchant armour {unknown}
 j - a scroll of recharging {unknown}
Potions
 e - 2 potions of restore abilities {unknown}
Books
 d - a book of Changes

   Spells                             Type                      Level
   *Beastly Appendage                 Transmutation                1
   Sticks to Snakes                   Transmutation                2
   Spider Form                        Transmutation/Poison         3
   Ice Form                           Ice/Transmutation            4
   Blade Hands                        Transmutation                5


   Skills:
 - Level 1.0 Fighting
 - Level 2.6 Dodging
 + Level 3.5 Unarmed Combat
 - Level 2.0 Spellcasting
 + Level 3.0 Transmutations


You had 4 spell levels left.
You knew the following spells:

 Your Spells              Type           Power        Failure   Level  Hunger
a - Beastly Appendage     Trmt           #.....       10%         1    ##.....


Dungeon Overview and Level Annotations

Branches:
Dungeon (1/15)

Altars:


Innate Abilities, Weirdness & Mutations

You cannot wear armour.
You are incapable of wielding weapons or throwing items.
Your paws have sharp claws.
You have razor-sharp teeth.
You have supernaturally acute eyesight.
You are carnivorous and can eat meat at any time.
You cover ground quickly.
You are covered in fur (AC +1).
You have a slow metabolism.
You can jump attack at a short distance.
You have a pair of horns on your head.


Message History

You barely miss the goblin. You headbutt the goblin.
You kill the goblin!
A gnoll comes into view. It is wielding a flail.
Your transformation is almost over.
You see here a dagger.
The gnoll misses you.
You scratch the gnoll but do no damage. Your headbutt misses the gnoll.
You barely miss the gnoll. You scratch the gnoll.
The gnoll begins to bleed from its wounds!
The gnoll is lightly wounded.
The gnoll misses you.
You scratch the gnoll. You bite the gnoll.
The gnoll is heavily wounded.
The gnoll misses you.
You barely miss the gnoll. You bite the gnoll, but do no damage.
The gnoll is heavily wounded.
The gnoll hits you with a flail!
Ouch! That really hurt!
You die...

#.# #.#
#.##. #.#
#.####
#....
#.#####
#....#
####.
#.....#
####.# #.
#####.# #.#
#.
#########.#
#.# #.
#.......).#
#.# #.
#.#######.#
#.# #. #@#
#.# #. #g#
#.# #. .S#
##.#######.
##.#
#.........>
#.#
#..........
#.#
#.###(.####
..# #.#
#..# ...
#.# #..####
##. #.#
#..##..


You could see a gnoll (bleeding) and a ball python.

Vanquished Creatures
  A ball python (D:1)
  3 bats (D:1)
  5 giant cockroaches (D:1)
  5 goblins (D:1)
  A hobgoblin (D:1)
  A kobold (D:1)
  A giant newt (D:1)
17 creatures vanquished.

Notes
Turn   | Place    | Note
--------------------------------------------------------------
     0 | D:1      | KaKa, the Felid Transmuter, began the quest for the Orb.
     0 | D:1      | Reached XP level 1. HP: 9/9 MP: 4/4
   322 | D:1      | Reached XP level 2. HP: 12/12 MP: 3/5
   719 | D:1      | Slain by a gnoll

Action                   || total
-------------------------++-------
Melee: Unarmed           ||    64
 Cast: Beastly Appendage ||    11
 Abil: Jump Attack       ||     2
 Stab: Distracted        ||     1
       Sleeping          ||     1
